 Dungeon Crawl Stone Soup version 0.30-a0-241-g1121274140 (webtiles) character file.

Game seed: 15421066776587021486

128 qw the Chopper (level 5, 32/32 HPs)
             Began as a Gargoyle Fighter on Oct 10, 2022.
             Quit the game on level 3 of the Dungeon.
             The game lasted 00:08:14 (3203 turns).

qw the Chopper (Gargoyle Fighter)                   Turns: 3203, Time: 00:08:14

Health: 32/32      AC: 14    Str: 22    XL:     5   Next: 12%
Magic:  5/5        EV:  7    Int:  8    God:
Gold:   51         SH:  4    Dex:  9    Spells: 4/4 levels left

rFire   . . .      SeeInvis .    Y - +0 war axe (freeze)
rCold   . . .      Faith    .    c - +0 buckler
rNeg    + . .      Spirit   .    l - +0 chain mail
rPois   inf        Reflect  .    (no helmet)
rElec   +          Harm     .    (no cloak)
rCorr   .          Rampage  .    (no gloves)
Will    .....                    f - +0 pair of boots
Stlth   ..........               (no amulet)
HPRegen 0.25/turn                (no ring)
MPRegen 0.09/turn                (no ring)

@: no status effects
A: sickness immunity, AC +4, negative energy resistance 1, electricity
resistance, torment resistance 1, petrification resistance
a: no special abilities


You were on level 3 of the Dungeon.
You visited 1 branch of the dungeon, and saw 3 of its levels.

You collected 154 gold pieces.
You spent 103 gold pieces at shops.


Innate Abilities, Weirdness & Mutations

You are immune to sickness and miasma.
Your stone body is resilient. (AC +4)
You are immune to poison.
You resist negative energy. (rN+)
You are resistant to electric shocks. (rElec)
You are resistant to unholy torment.
You are immune to petrification.


   Skills:
 - Level 3.2 Fighting
 + Level 4.7 Axes
 - Level 3.2 Armour
 - Level 3.2 Shields


You had 4 spell levels left.
You didn't know any spells.
Your spell library was empty.

Inventory:

Hand Weapons
 g - a +0 flail
 Y - a +0 war axe of freezing (weapon)
Armour
 c - a +0 buckler (worn)
 f - a +0 pair of boots (worn)
 l - a +0 chain mail (worn)
Potions
 d - 2 potions of might
 e - a potion of magic {unknown}
 h - a potion of heal wounds {unknown}
 i - 2 potions of lignification
 j - a potion of mutation {unknown}
 k - a potion of haste {unknown}

Dungeon Overview and Level Annotations

Branches:
Dungeon (3/15)

Altars:
Okawaru
Ru

Shops:
D:3 [*


Message History

Sorry, I don't know how to get there.
Sorry, I don't know how to get there.
3190 ||| Stepping randomly (stuck).
Sorry, I don't know how to get there.
Sorry, I don't know how to get there.
3191 ||| Stepping randomly (stuck).
Sorry, I don't know how to get there.
Sorry, I don't know how to get there.
3192 ||| Stepping randomly (stuck).
Sorry, I don't know how to get there.
Sorry, I don't know how to get there.
3193 ||| Stepping randomly (stuck).
Sorry, I don't know how to get there.
Sorry, I don't know how to get there.
3194 ||| Stepping randomly (stuck).
Sorry, I don't know how to get there.
Sorry, I don't know how to get there.
3195 ||| Stepping randomly (stuck).
Sorry, I don't know how to get there.
Sorry, I don't know how to get there.
3196 ||| Stepping randomly (stuck).
Sorry, I don't know how to get there.
Sorry, I don't know how to get there.
3197 ||| Stepping randomly (stuck).
Sorry, I don't know how to get there.
Sorry, I don't know how to get there.
3198 ||| Stepping randomly (stuck).
Sorry, I don't know how to get there.
Sorry, I don't know how to get there.
3199 ||| Stepping randomly (stuck).
Sorry, I don't know how to get there.
Sorry, I don't know how to get there.
3200 ||| Stepping randomly (stuck).
Sorry, I don't know how to get there.
Sorry, I don't know how to get there.
3201 ||| Stepping randomly (stuck).
Sorry, I don't know how to get there.
Sorry, I don't know how to get there.
3202 ||| Stepping randomly (stuck).
Are you sure you want to abandon this character and quit the game? (Confirm with "yes".)

###########.#............##.....#
..........#.#######......##.....#
#########.#..................####
........#.##.......###########
........#.##.......#
####..###.##.......############
.####......'.......)...........
...######.##.......##..########
##....###.##....@..##.#######
...../....#..................
.~~~~~~~.[#.#####...#########
~~~~~~....#.#<..........#
~~_....8......###.#####.#
~~~~~~.....[..'.........#####
.~~~~~~~....).##.[#.........####
..............[...'.............
######.....####..##.........###.


There were no monsters in sight!

Vanquished Creatures
  An orc priest (D:3)
  4 adders
  A worm (D:2)
  A dart slug (D:1)
  5 orcs
  6 bats
  5 endoplasms
  A giant cockroach (D:2)
  3 goblins
  5 hobgoblins
  4 jackals (D:2)
  3 kobolds
  5 ball pythons
  2 frilled lizards (D:1)
  5 rats
51 creatures vanquished.

Notes
Turn   | Place    | Note
-------+----------+-------------------------------------------
     0 | D:1      | qw the Gargoyle Fighter began the quest for the Orb.
     0 | D:1      | Reached XP level 1. HP: 14/14 MP: 1/1
     0 | D:1      | 0 ||| qw: Version: 0.2-a-17-g06abaee
     0 | D:1      | 0 ||| qw: Game counter: 2375
     0 | D:1      | 0 ||| qw: Always use a shield: true
     0 | D:1      | 0 ||| qw: God list: Okawaru
     0 | D:1      | 0 ||| qw: Allow faded altars: false
     0 | D:1      | 0 ||| qw: Do Orc after D:15 true
     0 | D:1      | 0 ||| qw: Do second Lair branch before Depths: true
     0 | D:1      | 0 ||| qw: Lair rune preference: random
     0 | D:1      | 0 ||| qw: Plans: Normal, Zot:1-4, God:TSO, Crypt, Tomb,
                  | Pan, Slime:5, Hells, Abyss, Orb
     0 | D:1      | 0 ||| PLANNING D:1-11
    32 | D:1      | 32 ||| Stepping ~*~*~tactically~*~*~ (hiding).
    39 | D:1      | Reached skill level 2 in Axes
   164 | D:1      | Reached XP level 2. HP: 19/19 MP: 2/2
   372 | D:1      | 372 ||| Stepping ~*~*~tactically~*~*~ (stealth).
   373 | D:1      | 373 ||| Stepping ~*~*~tactically~*~*~ (stealth).
   577 | D:1      | Reached skill level 3 in Axes
   721 | D:1      | 721 ||| READING scroll labelled YFEFICSE DAEX.
   722 | D:1      | 722 ||| READING 2 scrolls labelled UMIAGIBRUI.
   723 | D:1      | 723 ||| READING scroll of brand weapon.
   723 | D:1      | 723 ||| BRANDING +0 war axe of protection.
   724 | D:1      | 724 ||| READING scroll labelled ETIXAT IRALOYCAYTS.
   725 | D:1      | 725 ||| READING scroll labelled BUNODWAKEPS.
   729 | D:1      | 729 ||| READING scroll labelled KUCIDWU NUQINI.
   741 | D:1      | 741 ||| DRINKING 3 sedimented golden potions.
   796 | D:2      | Reached XP level 3. HP: 23/23 MP: 3/3
  1117 | D:2      | 1117 ||| DRINKING 2 blue potions.
  1118 | D:2      | 1118 ||| DROPPING potion of degeneration.
  1121 | D:2      | 1121 ||| FLEEEEING.
  1122 | D:2      | 1122 ||| FLEEEEING.
  1123 | D:2      | 1123 ||| FLEEEEING.
  1125 | D:2      | 1125 ||| FLEEEEING.
  1126 | D:2      | 1126 ||| STAIRDANCE
  1255 | D:2      | 1255 ||| STAIRDANCE
  1272 | D:2      | 1272 ||| Stepping ~*~*~tactically~*~*~ (stealth).
  1277 | D:2      | Reached XP level 4. HP: 28/28 MP: 4/4
  1504 | D:2      | 1504 ||| UPGRADING to +0 pair of boots.
  1539 | D:3      | 1539 ||| Stepping ~*~*~tactically~*~*~ (stealth).
  1540 | D:3      | 1540 ||| Stepping ~*~*~tactically~*~*~ (stealth).
  1547 | D:3      | Reached skill level 4 in Axes
  1551 | D:3      | 1551 ||| FLEEEEING.
  1552 | D:3      | 1552 ||| FLEEEEING.
  1553 | D:3      | 1553 ||| FLEEEEING.
  1554 | D:3      | 1554 ||| STAIRDANCE
  1617 | D:3      | 1617 ||| STAIRDANCE
  1623 | D:3      | 1623 ||| STAIRDANCE
  1638 | D:3      | 1638 ||| DROPPING +0 whip.
  1736 | D:3      | Found a sacrificial altar of Ru.
  1858 | D:3      | 1858 ||| Stepping ~*~*~tactically~*~*~ (stealth).
  1873 | D:3      | Found Eripyugo's Antique Armour Emporium.
  1880 | D:3      | 1880 ||| SHOPLISTING +3 pair of mountain boots {steadfast,
                  | rC+} (770 gold, have 154).
  1880 | D:3      | 1880 ||| BUYING chain mail (103 gold).
  1880 | D:3      | Bought a chain mail for 103 gold pieces
  1880 | D:3      | 1880 ||| SHOPLISTING glowing crystal plate armour (1909
                  | gold, have 51).
  1880 | D:3      | 1880 ||| SHOPLISTING pair of runed boots (172 gold, have
                  | 51).
  1880 | D:3      | 1880 ||| SHOPLISTING warped scale mail (207 gold, have 51).
  1965 | D:3      | 1965 ||| Stepping ~*~*~tactically~*~*~ (stealth).
  1971 | D:3      | Found Zohuta's General Store.
  1980 | D:3      | 1980 ||| SHOPLISTING +1 pair of boots (138 gold, have 51).
  2000 | D:3      | 2000 ||| Stepping ~*~*~tactically~*~*~ (stealth).
  2001 | D:3      | 2001 ||| Stepping ~*~*~tactically~*~*~ (stealth).
  2004 | D:3      | Reached XP level 5. HP: 32/32 MP: 5/5
  2036 | D:3      | Found an iron altar of Okawaru.
  2037 | D:3      | 2037 ||| PLANNING OKAWARU WORSHIP
  2037 | D:3      | 2037 ||| UPGRADING to +0 chain mail.
  2047 | D:3      | 2047 ||| DROPPING +0 scale mail.
  2048 | D:3      | 2048 ||| Stepping randomly (stuck).
  2049 | D:3      | 2049 ||| Stepping randomly (stuck).
  2050 | D:3      | 2050 ||| FLEEEEING.
  2063 | D:3      | 2063 ||| Stepping randomly (stuck).
  2064 | D:3      | 2064 ||| Stepping randomly (stuck).
  2065 | D:3      | 2065 ||| Stepping randomly (stuck).
  2066 | D:3      | 2066 ||| Stepping randomly (stuck).
  2067 | D:3      | 2067 ||| Stepping randomly (stuck).
  2068 | D:3      | 2068 ||| Stepping randomly (stuck).
  2069 | D:3      | 2069 ||| Stepping randomly (stuck).
  2070 | D:3      | 2070 ||| Stepping randomly (stuck).
  2071 | D:3      | 2071 ||| Stepping randomly (stuck).
  2072 | D:3      | 2072 ||| Stepping randomly (stuck).
  2073 | D:3      | 2073 ||| Stepping randomly (stuck).
  2074 | D:3      | 2074 ||| Stepping randomly (stuck).
  2075 | D:3      | 2075 ||| Stepping randomly (stuck).
  2076 | D:3      | 2076 ||| Stepping randomly (stuck).
  2077 | D:3      | 2077 ||| Stepping randomly (stuck).
  2078 | D:3      | 2078 ||| Stepping randomly (stuck).
  2079 | D:3      | 2079 ||| Stepping randomly (stuck).
  2080 | D:3      | 2080 ||| Stepping randomly (stuck).
  2081 | D:3      | 2081 ||| Stepping randomly (stuck).
  2082 | D:3      | 2082 ||| Stepping randomly (stuck).
  2083 | D:3      | 2083 ||| Stepping randomly (stuck).
  2084 | D:3      | 2084 ||| Stepping randomly (stuck).
  2085 | D:3      | 2085 ||| Stepping randomly (stuck).
  2086 | D:3      | 2086 ||| Stepping randomly (stuck).
  2087 | D:3      | 2087 ||| Stepping randomly (stuck).
  2088 | D:3      | 2088 ||| Stepping randomly (stuck).
  2089 | D:3      | 2089 ||| Stepping randomly (stuck).
  2090 | D:3      | 2090 ||| Stepping randomly (stuck).
  2091 | D:3      | 2091 ||| Stepping randomly (stuck).
  2092 | D:3      | 2092 ||| Stepping randomly (stuck).
  2093 | D:3      | 2093 ||| Stepping randomly (stuck).
  2094 | D:3      | 2094 ||| Stepping randomly (stuck).
  2095 | D:3      | 2095 ||| Stepping randomly (stuck).
  2096 | D:3      | 2096 ||| Stepping randomly (stuck).
  2097 | D:3      | 2097 ||| Stepping randomly (stuck).
  2098 | D:3      | 2098 ||| Stepping randomly (stuck).
  2099 | D:3      | 2099 ||| Stepping randomly (stuck).
  2100 | D:3      | 2100 ||| Stepping randomly (stuck).
  2101 | D:3      | 2101 ||| Stepping randomly (stuck).
  2102 | D:3      | 2102 ||| Stepping randomly (stuck).
  2103 | D:3      | 2103 ||| Stepping randomly (stuck).
  2104 | D:3      | 2104 ||| Stepping randomly (stuck).
  2105 | D:3      | 2105 ||| Stepping randomly (stuck).
  2106 | D:3      | 2106 ||| Stepping randomly (stuck).
  2107 | D:3      | 2107 ||| Stepping randomly (stuck).
  2108 | D:3      | 2108 ||| Stepping randomly (stuck).
  2109 | D:3      | 2109 ||| Stepping randomly (stuck).
  2110 | D:3      | 2110 ||| Stepping randomly (stuck).
  2111 | D:3      | 2111 ||| Stepping randomly (stuck).
  2112 | D:3      | 2112 ||| READING 2 scrolls of teleportation.
  2117 | D:3      | 2117 ||| READING scroll of teleportation.
  2122 | D:3      | 2122 ||| FLEEEEING.
  2123 | D:3      | 2123 ||| FLEEEEING.
  2124 | D:3      | 2124 ||| FLEEEEING.
  2125 | D:3      | 2125 ||| FLEEEEING.
  2127 | D:3      | 2127 ||| FLEEEEING.
  2128 | D:3      | 2128 ||| FLEEEEING.
  2129 | D:3      | 2129 ||| FLEEEEING.
  2130 | D:3      | 2130 ||| FLEEEEING.
  2131 | D:3      | 2131 ||| STAIRDANCE
  2137 | D:3      | 2137 ||| STAIRDANCE
  2142 | D:3      | 2142 ||| STAIRDANCE
  2146 | D:3      | 2146 ||| STAIRDANCE
  2150 | D:3      | 2150 ||| STAIRDANCE
  2154 | D:3      | 2154 ||| STAIRDANCE
  2158 | D:3      | 2158 ||| STAIRDANCE
  2162 | D:3      | 2162 ||| STAIRDANCE
  2166 | D:3      | 2166 ||| STAIRDANCE
  2170 | D:3      | 2170 ||| STAIRDANCE
  2174 | D:3      | 2174 ||| STAIRDANCE
  2178 | D:3      | 2178 ||| STAIRDANCE
  2182 | D:3      | 2182 ||| STAIRDANCE
  2186 | D:3      | 2186 ||| STAIRDANCE
  2190 | D:3      | 2190 ||| STAIRDANCE
  2194 | D:3      | 2194 ||| STAIRDANCE
  2198 | D:3      | 2198 ||| STAIRDANCE
  2202 | D:3      | 2202 ||| Stepping randomly (stuck).
  2203 | D:3      | 2203 ||| Stepping randomly (stuck).
  2204 | D:3      | 2204 ||| Stepping randomly (stuck).
  2205 | D:3      | 2205 ||| Stepping randomly (stuck).
  2206 | D:3      | 2206 ||| Stepping randomly (stuck).
  2207 | D:3      | 2207 ||| Stepping randomly (stuck).
  2208 | D:3      | 2208 ||| Stepping randomly (stuck).
  2209 | D:3      | 2209 ||| Stepping randomly (stuck).
  2210 | D:3      | 2210 ||| Stepping randomly (stuck).
  2211 | D:3      | 2211 ||| Stepping randomly (stuck).
  2212 | D:3      | 2212 ||| Stepping randomly (stuck).
  2213 | D:3      | 2213 ||| Stepping randomly (stuck).
  2214 | D:3      | 2214 ||| Stepping randomly (stuck).
  2215 | D:3      | 2215 ||| Stepping randomly (stuck).
  2216 | D:3      | 2216 ||| Stepping randomly (stuck).
  2217 | D:3      | 2217 ||| Stepping randomly (stuck).
  2218 | D:3      | 2218 ||| Stepping randomly (stuck).
  2219 | D:3      | 2219 ||| Stepping randomly (stuck).
  2220 | D:3      | 2220 ||| Stepping randomly (stuck).
  2221 | D:3      | 2221 ||| Stepping randomly (stuck).
  2222 | D:3      | 2222 ||| Stepping randomly (stuck).
  2223 | D:3      | 2223 ||| Stepping randomly (stuck).
  2224 | D:3      | 2224 ||| Stepping randomly (stuck).
  2225 | D:3      | 2225 ||| Stepping randomly (stuck).
  2226 | D:3      | 2226 ||| Stepping randomly (stuck).
  2227 | D:3      | 2227 ||| Stepping randomly (stuck).
  2228 | D:3      | 2228 ||| Stepping randomly (stuck).
  2229 | D:3      | 2229 ||| Stepping randomly (stuck).
  2230 | D:3      | 2230 ||| Stepping randomly (stuck).
  2231 | D:3      | 2231 ||| Stepping randomly (stuck).
  2232 | D:3      | 2232 ||| Stepping randomly (stuck).
  2233 | D:3      | 2233 ||| Stepping randomly (stuck).
  2234 | D:3      | 2234 ||| Stepping randomly (stuck).
  2235 | D:3      | 2235 ||| Stepping randomly (stuck).
  2236 | D:3      | 2236 ||| Stepping randomly (stuck).
  2237 | D:3      | 2237 ||| Stepping randomly (stuck).
  2238 | D:3      | 2238 ||| Stepping randomly (stuck).
  2239 | D:3      | 2239 ||| Stepping randomly (stuck).
  2240 | D:3      | 2240 ||| Stepping randomly (stuck).
  2241 | D:3      | 2241 ||| Stepping randomly (stuck).
  2242 | D:3      | 2242 ||| Stepping randomly (stuck).
  2243 | D:3      | 2243 ||| Stepping randomly (stuck).
  2244 | D:3      | 2244 ||| Stepping randomly (stuck).
  2245 | D:3      | 2245 ||| Stepping randomly (stuck).
  2246 | D:3      | 2246 ||| Stepping randomly (stuck).
  2247 | D:3      | 2247 ||| Stepping randomly (stuck).
  2248 | D:3      | 2248 ||| Stepping randomly (stuck).
  2249 | D:3      | 2249 ||| Stepping randomly (stuck).
  2250 | D:3      | 2250 ||| Stepping randomly (stuck).
  2251 | D:3      | 2251 ||| Stepping randomly (stuck).
  2252 | D:3      | 2252 ||| Stepping randomly (stuck).
  2253 | D:3      | 2253 ||| Stepping randomly (stuck).
  2254 | D:3      | 2254 ||| Stepping randomly (stuck).
  2255 | D:3      | 2255 ||| Stepping randomly (stuck).
  2256 | D:3      | 2256 ||| Stepping randomly (stuck).
  2257 | D:3      | 2257 ||| Stepping randomly (stuck).
  2258 | D:3      | 2258 ||| Stepping randomly (stuck).
  2259 | D:3      | 2259 ||| Stepping randomly (stuck).
  2260 | D:3      | 2260 ||| Stepping randomly (stuck).
  2261 | D:3      | 2261 ||| Stepping randomly (stuck).
  2262 | D:3      | 2262 ||| Stepping randomly (stuck).
  2263 | D:3      | 2263 ||| Stepping randomly (stuck).
  2264 | D:3      | 2264 ||| Stepping randomly (stuck).
  2265 | D:3      | 2265 ||| Stepping randomly (stuck).
  2266 | D:3      | 2266 ||| Stepping randomly (stuck).
  2267 | D:3      | 2267 ||| Stepping randomly (stuck).
  2268 | D:3      | 2268 ||| Stepping randomly (stuck).
  2269 | D:3      | 2269 ||| Stepping randomly (stuck).
  2270 | D:3      | 2270 ||| Stepping randomly (stuck).
  2271 | D:3      | 2271 ||| Stepping randomly (stuck).
  2272 | D:3      | 2272 ||| Stepping randomly (stuck).
  2273 | D:3      | 2273 ||| Stepping randomly (stuck).
  2274 | D:3      | 2274 ||| Stepping randomly (stuck).
  2275 | D:3      | 2275 ||| Stepping randomly (stuck).
  2276 | D:3      | 2276 ||| Stepping randomly (stuck).
  2277 | D:3      | 2277 ||| Stepping randomly (stuck).
  2278 | D:3      | 2278 ||| Stepping randomly (stuck).
  2279 | D:3      | 2279 ||| Stepping randomly (stuck).
  2280 | D:3      | 2280 ||| Stepping randomly (stuck).
  2281 | D:3      | 2281 ||| Stepping randomly (stuck).
  2282 | D:3      | 2282 ||| Stepping randomly (stuck).
  2283 | D:3      | 2283 ||| Stepping randomly (stuck).
  2284 | D:3      | 2284 ||| Stepping randomly (stuck).
  2285 | D:3      | 2285 ||| Stepping randomly (stuck).
  2286 | D:3      | 2286 ||| Stepping randomly (stuck).
  2287 | D:3      | 2287 ||| Stepping randomly (stuck).
  2288 | D:3      | 2288 ||| Stepping randomly (stuck).
  2289 | D:3      | 2289 ||| Stepping randomly (stuck).
  2290 | D:3      | 2290 ||| Stepping randomly (stuck).
  2291 | D:3      | 2291 ||| Stepping randomly (stuck).
  2292 | D:3      | 2292 ||| Stepping randomly (stuck).
  2293 | D:3      | 2293 ||| Stepping randomly (stuck).
  2294 | D:3      | 2294 ||| Stepping randomly (stuck).
  2295 | D:3      | 2295 ||| Stepping randomly (stuck).
  2296 | D:3      | 2296 ||| Stepping randomly (stuck).
  2297 | D:3      | 2297 ||| Stepping randomly (stuck).
  2298 | D:3      | 2298 ||| Stepping randomly (stuck).
  2299 | D:3      | 2299 ||| Stepping randomly (stuck).
  2300 | D:3      | 2300 ||| Stepping randomly (stuck).
  2301 | D:3      | 2301 ||| Stepping randomly (stuck).
  2302 | D:3      | 2302 ||| Stepping randomly (stuck).
  2303 | D:3      | 2303 ||| Stepping randomly (stuck).
  2304 | D:3      | 2304 ||| Stepping randomly (stuck).
  2305 | D:3      | 2305 ||| Stepping randomly (stuck).
  2306 | D:3      | 2306 ||| Stepping randomly (stuck).
  2307 | D:3      | 2307 ||| Stepping randomly (stuck).
  2308 | D:3      | 2308 ||| Stepping randomly (stuck).
  2309 | D:3      | 2309 ||| Stepping randomly (stuck).
  2310 | D:3      | 2310 ||| Stepping randomly (stuck).
  2311 | D:3      | 2311 ||| Stepping randomly (stuck).
  2312 | D:3      | 2312 ||| Stepping randomly (stuck).
  2313 | D:3      | 2313 ||| Stepping randomly (stuck).
  2314 | D:3      | 2314 ||| Stepping randomly (stuck).
  2315 | D:3      | 2315 ||| Stepping randomly (stuck).
  2316 | D:3      | 2316 ||| Stepping randomly (stuck).
  2317 | D:3      | 2317 ||| Stepping randomly (stuck).
  2318 | D:3      | 2318 ||| Stepping randomly (stuck).
  2319 | D:3      | 2319 ||| Stepping randomly (stuck).
  2320 | D:3      | 2320 ||| Stepping randomly (stuck).
  2321 | D:3      | 2321 ||| Stepping randomly (stuck).
  2322 | D:3      | 2322 ||| Stepping randomly (stuck).
  2323 | D:3      | 2323 ||| Stepping randomly (stuck).
  2324 | D:3      | 2324 ||| Stepping randomly (stuck).
  2325 | D:3      | 2325 ||| Stepping randomly (stuck).
  2326 | D:3      | 2326 ||| Stepping randomly (stuck).
  2327 | D:3      | 2327 ||| Stepping randomly (stuck).
  2328 | D:3      | 2328 ||| Stepping randomly (stuck).
  2329 | D:3      | 2329 ||| Stepping randomly (stuck).
  2330 | D:3      | 2330 ||| Stepping randomly (stuck).
  2331 | D:3      | 2331 ||| Stepping randomly (stuck).
  2332 | D:3      | 2332 ||| Stepping randomly (stuck).
  2333 | D:3      | 2333 ||| Stepping randomly (stuck).
  2334 | D:3      | 2334 ||| Stepping randomly (stuck).
  2335 | D:3      | 2335 ||| Stepping randomly (stuck).
  2336 | D:3      | 2336 ||| Stepping randomly (stuck).
  2337 | D:3      | 2337 ||| Stepping randomly (stuck).
  2338 | D:3      | 2338 ||| Stepping randomly (stuck).
  2339 | D:3      | 2339 ||| Stepping randomly (stuck).
  2340 | D:3      | 2340 ||| Stepping randomly (stuck).
  2341 | D:3      | 2341 ||| Stepping randomly (stuck).
  2342 | D:3      | 2342 ||| Stepping randomly (stuck).
  2343 | D:3      | 2343 ||| Stepping randomly (stuck).
  2344 | D:3      | 2344 ||| Stepping randomly (stuck).
  2345 | D:3      | 2345 ||| Stepping randomly (stuck).
  2346 | D:3      | 2346 ||| Stepping randomly (stuck).
  2347 | D:3      | 2347 ||| Stepping randomly (stuck).
  2348 | D:3      | 2348 ||| Stepping randomly (stuck).
  2349 | D:3      | 2349 ||| Stepping randomly (stuck).
  2350 | D:3      | 2350 ||| Stepping randomly (stuck).
  2351 | D:3      | 2351 ||| Stepping randomly (stuck).
  2352 | D:3      | 2352 ||| Stepping randomly (stuck).
  2353 | D:3      | 2353 ||| Stepping randomly (stuck).
  2354 | D:3      | 2354 ||| Stepping randomly (stuck).
  2355 | D:3      | 2355 ||| Stepping randomly (stuck).
  2356 | D:3      | 2356 ||| Stepping randomly (stuck).
  2357 | D:3      | 2357 ||| Stepping randomly (stuck).
  2358 | D:3      | 2358 ||| Stepping randomly (stuck).
  2359 | D:3      | 2359 ||| Stepping randomly (stuck).
  2360 | D:3      | 2360 ||| Stepping randomly (stuck).
  2361 | D:3      | 2361 ||| Stepping randomly (stuck).
  2362 | D:3      | 2362 ||| Stepping randomly (stuck).
  2363 | D:3      | 2363 ||| Stepping randomly (stuck).
  2364 | D:3      | 2364 ||| Stepping randomly (stuck).
  2365 | D:3      | 2365 ||| Stepping randomly (stuck).
  2366 | D:3      | 2366 ||| Stepping randomly (stuck).
  2367 | D:3      | 2367 ||| Stepping randomly (stuck).
  2368 | D:3      | 2368 ||| Stepping randomly (stuck).
  2369 | D:3      | 2369 ||| Stepping randomly (stuck).
  2370 | D:3      | 2370 ||| Stepping randomly (stuck).
  2371 | D:3      | 2371 ||| Stepping randomly (stuck).
  2372 | D:3      | 2372 ||| Stepping randomly (stuck).
  2373 | D:3      | 2373 ||| Stepping randomly (stuck).
  2374 | D:3      | 2374 ||| Stepping randomly (stuck).
  2375 | D:3      | 2375 ||| Stepping randomly (stuck).
  2376 | D:3      | 2376 ||| Stepping randomly (stuck).
  2377 | D:3      | 2377 ||| Stepping randomly (stuck).
  2378 | D:3      | 2378 ||| Stepping randomly (stuck).
  2379 | D:3      | 2379 ||| Stepping randomly (stuck).
  2380 | D:3      | 2380 ||| Stepping randomly (stuck).
  2381 | D:3      | 2381 ||| Stepping randomly (stuck).
  2382 | D:3      | 2382 ||| Stepping randomly (stuck).
  2383 | D:3      | 2383 ||| Stepping randomly (stuck).
  2384 | D:3      | 2384 ||| Stepping randomly (stuck).
  2385 | D:3      | 2385 ||| Stepping randomly (stuck).
  2386 | D:3      | 2386 ||| Stepping randomly (stuck).
  2387 | D:3      | 2387 ||| Stepping randomly (stuck).
  2388 | D:3      | 2388 ||| Stepping randomly (stuck).
  2389 | D:3      | 2389 ||| Stepping randomly (stuck).
  2390 | D:3      | 2390 ||| Stepping randomly (stuck).
  2391 | D:3      | 2391 ||| Stepping randomly (stuck).
  2392 | D:3      | 2392 ||| Stepping randomly (stuck).
  2393 | D:3      | 2393 ||| Stepping randomly (stuck).
  2394 | D:3      | 2394 ||| Stepping randomly (stuck).
  2395 | D:3      | 2395 ||| Stepping randomly (stuck).
  2396 | D:3      | 2396 ||| Stepping randomly (stuck).
  2397 | D:3      | 2397 ||| Stepping randomly (stuck).
  2398 | D:3      | 2398 ||| Stepping randomly (stuck).
  2399 | D:3      | 2399 ||| Stepping randomly (stuck).
  2400 | D:3      | 2400 ||| Stepping randomly (stuck).
  2401 | D:3      | 2401 ||| Stepping randomly (stuck).
  2402 | D:3      | 2402 ||| Stepping randomly (stuck).
  2403 | D:3      | 2403 ||| Stepping randomly (stuck).
  2404 | D:3      | 2404 ||| Stepping randomly (stuck).
  2405 | D:3      | 2405 ||| Stepping randomly (stuck).
  2406 | D:3      | 2406 ||| Stepping randomly (stuck).
  2407 | D:3      | 2407 ||| Stepping randomly (stuck).
  2408 | D:3      | 2408 ||| Stepping randomly (stuck).
  2409 | D:3      | 2409 ||| Stepping randomly (stuck).
  2410 | D:3      | 2410 ||| Stepping randomly (stuck).
  2411 | D:3      | 2411 ||| Stepping randomly (stuck).
  2412 | D:3      | 2412 ||| Stepping randomly (stuck).
  2413 | D:3      | 2413 ||| Stepping randomly (stuck).
  2414 | D:3      | 2414 ||| Stepping randomly (stuck).
  2415 | D:3      | 2415 ||| Stepping randomly (stuck).
  2416 | D:3      | 2416 ||| Stepping randomly (stuck).
  2417 | D:3      | 2417 ||| Stepping randomly (stuck).
  2418 | D:3      | 2418 ||| Stepping randomly (stuck).
  2419 | D:3      | 2419 ||| Stepping randomly (stuck).
  2420 | D:3      | 2420 ||| Stepping randomly (stuck).
  2421 | D:3      | 2421 ||| Stepping randomly (stuck).
  2422 | D:3      | 2422 ||| Stepping randomly (stuck).
  2423 | D:3      | 2423 ||| Stepping randomly (stuck).
  2424 | D:3      | 2424 ||| Stepping randomly (stuck).
  2425 | D:3      | 2425 ||| Stepping randomly (stuck).
  2426 | D:3      | 2426 ||| Stepping randomly (stuck).
  2427 | D:3      | 2427 ||| Stepping randomly (stuck).
  2428 | D:3      | 2428 ||| Stepping randomly (stuck).
  2429 | D:3      | 2429 ||| Stepping randomly (stuck).
  2430 | D:3      | 2430 ||| Stepping randomly (stuck).
  2431 | D:3      | 2431 ||| Stepping randomly (stuck).
  2432 | D:3      | 2432 ||| Stepping randomly (stuck).
  2433 | D:3      | 2433 ||| Stepping randomly (stuck).
  2434 | D:3      | 2434 ||| Stepping randomly (stuck).
  2435 | D:3      | 2435 ||| Stepping randomly (stuck).
  2436 | D:3      | 2436 ||| Stepping randomly (stuck).
  2437 | D:3      | 2437 ||| Stepping randomly (stuck).
  2438 | D:3      | 2438 ||| Stepping randomly (stuck).
  2439 | D:3      | 2439 ||| Stepping randomly (stuck).
  2440 | D:3      | 2440 ||| Stepping randomly (stuck).
  2441 | D:3      | 2441 ||| Stepping randomly (stuck).
  2442 | D:3      | 2442 ||| Stepping randomly (stuck).
  2443 | D:3      | 2443 ||| Stepping randomly (stuck).
  2444 | D:3      | 2444 ||| Stepping randomly (stuck).
  2445 | D:3      | 2445 ||| Stepping randomly (stuck).
  2446 | D:3      | 2446 ||| Stepping randomly (stuck).
  2447 | D:3      | 2447 ||| Stepping randomly (stuck).
  2448 | D:3      | 2448 ||| Stepping randomly (stuck).
  2449 | D:3      | 2449 ||| Stepping randomly (stuck).
  2450 | D:3      | 2450 ||| Stepping randomly (stuck).
  2451 | D:3      | 2451 ||| Stepping randomly (stuck).
  2452 | D:3      | 2452 ||| Stepping randomly (stuck).
  2453 | D:3      | 2453 ||| Stepping randomly (stuck).
  2454 | D:3      | 2454 ||| Stepping randomly (stuck).
  2455 | D:3      | 2455 ||| Stepping randomly (stuck).
  2456 | D:3      | 2456 ||| Stepping randomly (stuck).
  2457 | D:3      | 2457 ||| Stepping randomly (stuck).
  2458 | D:3      | 2458 ||| Stepping randomly (stuck).
  2459 | D:3      | 2459 ||| Stepping randomly (stuck).
  2460 | D:3      | 2460 ||| Stepping randomly (stuck).
  2461 | D:3      | 2461 ||| Stepping randomly (stuck).
  2462 | D:3      | 2462 ||| Stepping randomly (stuck).
  2463 | D:3      | 2463 ||| Stepping randomly (stuck).
  2464 | D:3      | 2464 ||| Stepping randomly (stuck).
  2465 | D:3      | 2465 ||| Stepping randomly (stuck).
  2466 | D:3      | 2466 ||| Stepping randomly (stuck).
  2467 | D:3      | 2467 ||| Stepping randomly (stuck).
  2468 | D:3      | 2468 ||| Stepping randomly (stuck).
  2469 | D:3      | 2469 ||| Stepping randomly (stuck).
  2470 | D:3      | 2470 ||| Stepping randomly (stuck).
  2471 | D:3      | 2471 ||| Stepping randomly (stuck).
  2472 | D:3      | 2472 ||| Stepping randomly (stuck).
  2473 | D:3      | 2473 ||| Stepping randomly (stuck).
  2474 | D:3      | 2474 ||| Stepping randomly (stuck).
  2475 | D:3      | 2475 ||| Stepping randomly (stuck).
  2476 | D:3      | 2476 ||| Stepping randomly (stuck).
  2477 | D:3      | 2477 ||| Stepping randomly (stuck).
  2478 | D:3      | 2478 ||| Stepping randomly (stuck).
  2479 | D:3      | 2479 ||| Stepping randomly (stuck).
  2480 | D:3      | 2480 ||| Stepping randomly (stuck).
  2481 | D:3      | 2481 ||| Stepping randomly (stuck).
  2482 | D:3      | 2482 ||| Stepping randomly (stuck).
  2483 | D:3      | 2483 ||| Stepping randomly (stuck).
  2484 | D:3      | 2484 ||| Stepping randomly (stuck).
  2485 | D:3      | 2485 ||| Stepping randomly (stuck).
  2486 | D:3      | 2486 ||| Stepping randomly (stuck).
  2487 | D:3      | 2487 ||| Stepping randomly (stuck).
  2488 | D:3      | 2488 ||| Stepping randomly (stuck).
  2489 | D:3      | 2489 ||| Stepping randomly (stuck).
  2490 | D:3      | 2490 ||| Stepping randomly (stuck).
  2491 | D:3      | 2491 ||| Stepping randomly (stuck).
  2492 | D:3      | 2492 ||| Stepping randomly (stuck).
  2493 | D:3      | 2493 ||| Stepping randomly (stuck).
  2494 | D:3      | 2494 ||| Stepping randomly (stuck).
  2495 | D:3      | 2495 ||| Stepping randomly (stuck).
  2496 | D:3      | 2496 ||| Stepping randomly (stuck).
  2497 | D:3      | 2497 ||| Stepping randomly (stuck).
  2498 | D:3      | 2498 ||| Stepping randomly (stuck).
  2499 | D:3      | 2499 ||| Stepping randomly (stuck).
  2500 | D:3      | 2500 ||| Stepping randomly (stuck).
  2501 | D:3      | 2501 ||| Stepping randomly (stuck).
  2502 | D:3      | 2502 ||| Stepping randomly (stuck).
  2503 | D:3      | 2503 ||| Stepping randomly (stuck).
  2504 | D:3      | 2504 ||| Stepping randomly (stuck).
  2505 | D:3      | 2505 ||| Stepping randomly (stuck).
  2506 | D:3      | 2506 ||| Stepping randomly (stuck).
  2507 | D:3      | 2507 ||| Stepping randomly (stuck).
  2508 | D:3      | 2508 ||| Stepping randomly (stuck).
  2509 | D:3      | 2509 ||| Stepping randomly (stuck).
  2510 | D:3      | 2510 ||| Stepping randomly (stuck).
  2511 | D:3      | 2511 ||| Stepping randomly (stuck).
  2512 | D:3      | 2512 ||| Stepping randomly (stuck).
  2513 | D:3      | 2513 ||| Stepping randomly (stuck).
  2514 | D:3      | 2514 ||| Stepping randomly (stuck).
  2515 | D:3      | 2515 ||| Stepping randomly (stuck).
  2516 | D:3      | 2516 ||| Stepping randomly (stuck).
  2517 | D:3      | 2517 ||| Stepping randomly (stuck).
  2518 | D:3      | 2518 ||| Stepping randomly (stuck).
  2519 | D:3      | 2519 ||| Stepping randomly (stuck).
  2520 | D:3      | 2520 ||| Stepping randomly (stuck).
  2521 | D:3      | 2521 ||| Stepping randomly (stuck).
  2522 | D:3      | 2522 ||| Stepping randomly (stuck).
  2523 | D:3      | 2523 ||| Stepping randomly (stuck).
  2524 | D:3      | 2524 ||| Stepping randomly (stuck).
  2525 | D:3      | 2525 ||| Stepping randomly (stuck).
  2526 | D:3      | 2526 ||| Stepping randomly (stuck).
  2527 | D:3      | 2527 ||| Stepping randomly (stuck).
  2528 | D:3      | 2528 ||| Stepping randomly (stuck).
  2529 | D:3      | 2529 ||| Stepping randomly (stuck).
  2530 | D:3      | 2530 ||| Stepping randomly (stuck).
  2531 | D:3      | 2531 ||| Stepping randomly (stuck).
  2532 | D:3      | 2532 ||| Stepping randomly (stuck).
  2533 | D:3      | 2533 ||| Stepping randomly (stuck).
  2534 | D:3      | 2534 ||| Stepping randomly (stuck).
  2535 | D:3      | 2535 ||| Stepping randomly (stuck).
  2536 | D:3      | 2536 ||| Stepping randomly (stuck).
  2537 | D:3      | 2537 ||| Stepping randomly (stuck).
  2538 | D:3      | 2538 ||| Stepping randomly (stuck).
  2539 | D:3      | 2539 ||| Stepping randomly (stuck).
  2540 | D:3      | 2540 ||| Stepping randomly (stuck).
  2541 | D:3      | 2541 ||| Stepping randomly (stuck).
  2542 | D:3      | 2542 ||| Stepping randomly (stuck).
  2543 | D:3      | 2543 ||| Stepping randomly (stuck).
  2544 | D:3      | 2544 ||| Stepping randomly (stuck).
  2545 | D:3      | 2545 ||| Stepping randomly (stuck).
  2546 | D:3      | 2546 ||| Stepping randomly (stuck).
  2547 | D:3      | 2547 ||| Stepping randomly (stuck).
  2548 | D:3      | 2548 ||| Stepping randomly (stuck).
  2549 | D:3      | 2549 ||| Stepping randomly (stuck).
  2550 | D:3      | 2550 ||| Stepping randomly (stuck).
  2551 | D:3      | 2551 ||| Stepping randomly (stuck).
  2552 | D:3      | 2552 ||| Stepping randomly (stuck).
  2553 | D:3      | 2553 ||| Stepping randomly (stuck).
  2554 | D:3      | 2554 ||| Stepping randomly (stuck).
  2555 | D:3      | 2555 ||| Stepping randomly (stuck).
  2556 | D:3      | 2556 ||| Stepping randomly (stuck).
  2557 | D:3      | 2557 ||| Stepping randomly (stuck).
  2558 | D:3      | 2558 ||| Stepping randomly (stuck).
  2559 | D:3      | 2559 ||| Stepping randomly (stuck).
  2560 | D:3      | 2560 ||| Stepping randomly (stuck).
  2561 | D:3      | 2561 ||| Stepping randomly (stuck).
  2562 | D:3      | 2562 ||| Stepping randomly (stuck).
  2563 | D:3      | 2563 ||| Stepping randomly (stuck).
  2564 | D:3      | 2564 ||| Stepping randomly (stuck).
  2565 | D:3      | 2565 ||| Stepping randomly (stuck).
  2566 | D:3      | 2566 ||| Stepping randomly (stuck).
  2567 | D:3      | 2567 ||| Stepping randomly (stuck).
  2568 | D:3      | 2568 ||| Stepping randomly (stuck).
  2569 | D:3      | 2569 ||| Stepping randomly (stuck).
  2570 | D:3      | 2570 ||| Stepping randomly (stuck).
  2571 | D:3      | 2571 ||| Stepping randomly (stuck).
  2572 | D:3      | 2572 ||| Stepping randomly (stuck).
  2573 | D:3      | 2573 ||| Stepping randomly (stuck).
  2574 | D:3      | 2574 ||| Stepping randomly (stuck).
  2575 | D:3      | 2575 ||| Stepping randomly (stuck).
  2576 | D:3      | 2576 ||| Stepping randomly (stuck).
  2577 | D:3      | 2577 ||| Stepping randomly (stuck).
  2578 | D:3      | 2578 ||| Stepping randomly (stuck).
  2579 | D:3      | 2579 ||| Stepping randomly (stuck).
  2580 | D:3      | 2580 ||| Stepping randomly (stuck).
  2581 | D:3      | 2581 ||| Stepping randomly (stuck).
  2582 | D:3      | 2582 ||| Stepping randomly (stuck).
  2583 | D:3      | 2583 ||| Stepping randomly (stuck).
  2584 | D:3      | 2584 ||| Stepping randomly (stuck).
  2585 | D:3      | 2585 ||| Stepping randomly (stuck).
  2586 | D:3      | 2586 ||| Stepping randomly (stuck).
  2587 | D:3      | 2587 ||| Stepping randomly (stuck).
  2588 | D:3      | 2588 ||| Stepping randomly (stuck).
  2589 | D:3      | 2589 ||| Stepping randomly (stuck).
  2590 | D:3      | 2590 ||| Stepping randomly (stuck).
  2591 | D:3      | 2591 ||| Stepping randomly (stuck).
  2592 | D:3      | 2592 ||| Stepping randomly (stuck).
  2593 | D:3      | 2593 ||| Stepping randomly (stuck).
  2594 | D:3      | 2594 ||| Stepping randomly (stuck).
  2595 | D:3      | 2595 ||| Stepping randomly (stuck).
  2596 | D:3      | 2596 ||| Stepping randomly (stuck).
  2597 | D:3      | 2597 ||| Stepping randomly (stuck).
  2598 | D:3      | 2598 ||| Stepping randomly (stuck).
  2599 | D:3      | 2599 ||| Stepping randomly (stuck).
  2600 | D:3      | 2600 ||| Stepping randomly (stuck).
  2601 | D:3      | 2601 ||| Stepping randomly (stuck).
  2602 | D:3      | 2602 ||| Stepping randomly (stuck).
  2603 | D:3      | 2603 ||| Stepping randomly (stuck).
  2604 | D:3      | 2604 ||| Stepping randomly (stuck).
  2605 | D:3      | 2605 ||| Stepping randomly (stuck).
  2606 | D:3      | 2606 ||| Stepping randomly (stuck).
  2607 | D:3      | 2607 ||| Stepping randomly (stuck).
  2608 | D:3      | 2608 ||| Stepping randomly (stuck).
  2609 | D:3      | 2609 ||| Stepping randomly (stuck).
  2610 | D:3      | 2610 ||| Stepping randomly (stuck).
  2611 | D:3      | 2611 ||| Stepping randomly (stuck).
  2612 | D:3      | 2612 ||| Stepping randomly (stuck).
  2613 | D:3      | 2613 ||| Stepping randomly (stuck).
  2614 | D:3      | 2614 ||| Stepping randomly (stuck).
  2615 | D:3      | 2615 ||| Stepping randomly (stuck).
  2616 | D:3      | 2616 ||| Stepping randomly (stuck).
  2617 | D:3      | 2617 ||| Stepping randomly (stuck).
  2618 | D:3      | 2618 ||| Stepping randomly (stuck).
  2619 | D:3      | 2619 ||| Stepping randomly (stuck).
  2620 | D:3      | 2620 ||| Stepping randomly (stuck).
  2621 | D:3      | 2621 ||| Stepping randomly (stuck).
  2622 | D:3      | 2622 ||| Stepping randomly (stuck).
  2623 | D:3      | 2623 ||| Stepping randomly (stuck).
  2624 | D:3      | 2624 ||| Stepping randomly (stuck).
  2625 | D:3      | 2625 ||| Stepping randomly (stuck).
  2626 | D:3      | 2626 ||| Stepping randomly (stuck).
  2627 | D:3      | 2627 ||| Stepping randomly (stuck).
  2628 | D:3      | 2628 ||| Stepping randomly (stuck).
  2629 | D:3      | 2629 ||| Stepping randomly (stuck).
  2630 | D:3      | 2630 ||| Stepping randomly (stuck).
  2631 | D:3      | 2631 ||| Stepping randomly (stuck).
  2632 | D:3      | 2632 ||| Stepping randomly (stuck).
  2633 | D:3      | 2633 ||| Stepping randomly (stuck).
  2634 | D:3      | 2634 ||| Stepping randomly (stuck).
  2635 | D:3      | 2635 ||| Stepping randomly (stuck).
  2636 | D:3      | 2636 ||| Stepping randomly (stuck).
  2637 | D:3      | 2637 ||| Stepping randomly (stuck).
  2638 | D:3      | 2638 ||| Stepping randomly (stuck).
  2639 | D:3      | 2639 ||| Stepping randomly (stuck).
  2640 | D:3      | 2640 ||| Stepping randomly (stuck).
  2641 | D:3      | 2641 ||| Stepping randomly (stuck).
  2642 | D:3      | 2642 ||| Stepping randomly (stuck).
  2643 | D:3      | 2643 ||| Stepping randomly (stuck).
  2644 | D:3      | 2644 ||| Stepping randomly (stuck).
  2645 | D:3      | 2645 ||| Stepping randomly (stuck).
  2646 | D:3      | 2646 ||| Stepping randomly (stuck).
  2647 | D:3      | 2647 ||| Stepping randomly (stuck).
  2648 | D:3      | 2648 ||| Stepping randomly (stuck).
  2649 | D:3      | 2649 ||| Stepping randomly (stuck).
  2650 | D:3      | 2650 ||| Stepping randomly (stuck).
  2651 | D:3      | 2651 ||| Stepping randomly (stuck).
  2652 | D:3      | 2652 ||| Stepping randomly (stuck).
  2653 | D:3      | 2653 ||| Stepping randomly (stuck).
  2654 | D:3      | 2654 ||| Stepping randomly (stuck).
  2655 | D:3      | 2655 ||| Stepping randomly (stuck).
  2656 | D:3      | 2656 ||| Stepping randomly (stuck).
  2657 | D:3      | 2657 ||| Stepping randomly (stuck).
  2658 | D:3      | 2658 ||| Stepping randomly (stuck).
  2659 | D:3      | 2659 ||| Stepping randomly (stuck).
  2660 | D:3      | 2660 ||| Stepping randomly (stuck).
  2661 | D:3      | 2661 ||| Stepping randomly (stuck).
  2662 | D:3      | 2662 ||| Stepping randomly (stuck).
  2663 | D:3      | 2663 ||| Stepping randomly (stuck).
  2664 | D:3      | 2664 ||| Stepping randomly (stuck).
  2665 | D:3      | 2665 ||| Stepping randomly (stuck).
  2666 | D:3      | 2666 ||| Stepping randomly (stuck).
  2667 | D:3      | 2667 ||| Stepping randomly (stuck).
  2668 | D:3      | 2668 ||| Stepping randomly (stuck).
  2669 | D:3      | 2669 ||| Stepping randomly (stuck).
  2670 | D:3      | 2670 ||| Stepping randomly (stuck).
  2671 | D:3      | 2671 ||| Stepping randomly (stuck).
  2672 | D:3      | 2672 ||| Stepping randomly (stuck).
  2673 | D:3      | 2673 ||| Stepping randomly (stuck).
  2674 | D:3      | 2674 ||| Stepping randomly (stuck).
  2675 | D:3      | 2675 ||| Stepping randomly (stuck).
  2676 | D:3      | 2676 ||| Stepping randomly (stuck).
  2677 | D:3      | 2677 ||| Stepping randomly (stuck).
  2678 | D:3      | 2678 ||| Stepping randomly (stuck).
  2679 | D:3      | 2679 ||| Stepping randomly (stuck).
  2680 | D:3      | 2680 ||| Stepping randomly (stuck).
  2681 | D:3      | 2681 ||| Stepping randomly (stuck).
  2682 | D:3      | 2682 ||| Stepping randomly (stuck).
  2683 | D:3      | 2683 ||| Stepping randomly (stuck).
  2684 | D:3      | 2684 ||| Stepping randomly (stuck).
  2685 | D:3      | 2685 ||| Stepping randomly (stuck).
  2686 | D:3      | 2686 ||| Stepping randomly (stuck).
  2687 | D:3      | 2687 ||| Stepping randomly (stuck).
  2688 | D:3      | 2688 ||| Stepping randomly (stuck).
  2689 | D:3      | 2689 ||| Stepping randomly (stuck).
  2690 | D:3      | 2690 ||| Stepping randomly (stuck).
  2691 | D:3      | 2691 ||| Stepping randomly (stuck).
  2692 | D:3      | 2692 ||| Stepping randomly (stuck).
  2693 | D:3      | 2693 ||| Stepping randomly (stuck).
  2694 | D:3      | 2694 ||| Stepping randomly (stuck).
  2695 | D:3      | 2695 ||| Stepping randomly (stuck).
  2696 | D:3      | 2696 ||| Stepping randomly (stuck).
  2697 | D:3      | 2697 ||| Stepping randomly (stuck).
  2698 | D:3      | 2698 ||| Stepping randomly (stuck).
  2699 | D:3      | 2699 ||| Stepping randomly (stuck).
  2700 | D:3      | 2700 ||| Stepping randomly (stuck).
  2701 | D:3      | 2701 ||| Stepping randomly (stuck).
  2702 | D:3      | 2702 ||| Stepping randomly (stuck).
  2703 | D:3      | 2703 ||| Stepping randomly (stuck).
  2704 | D:3      | 2704 ||| Stepping randomly (stuck).
  2705 | D:3      | 2705 ||| Stepping randomly (stuck).
  2706 | D:3      | 2706 ||| Stepping randomly (stuck).
  2707 | D:3      | 2707 ||| Stepping randomly (stuck).
  2708 | D:3      | 2708 ||| Stepping randomly (stuck).
  2709 | D:3      | 2709 ||| Stepping randomly (stuck).
  2710 | D:3      | 2710 ||| Stepping randomly (stuck).
  2711 | D:3      | 2711 ||| Stepping randomly (stuck).
  2712 | D:3      | 2712 ||| Stepping randomly (stuck).
  2713 | D:3      | 2713 ||| Stepping randomly (stuck).
  2714 | D:3      | 2714 ||| Stepping randomly (stuck).
  2715 | D:3      | 2715 ||| Stepping randomly (stuck).
  2716 | D:3      | 2716 ||| Stepping randomly (stuck).
  2717 | D:3      | 2717 ||| Stepping randomly (stuck).
  2718 | D:3      | 2718 ||| Stepping randomly (stuck).
  2719 | D:3      | 2719 ||| Stepping randomly (stuck).
  2720 | D:3      | 2720 ||| Stepping randomly (stuck).
  2721 | D:3      | 2721 ||| Stepping randomly (stuck).
  2722 | D:3      | 2722 ||| Stepping randomly (stuck).
  2723 | D:3      | 2723 ||| Stepping randomly (stuck).
  2724 | D:3      | 2724 ||| Stepping randomly (stuck).
  2725 | D:3      | 2725 ||| Stepping randomly (stuck).
  2726 | D:3      | 2726 ||| Stepping randomly (stuck).
  2727 | D:3      | 2727 ||| Stepping randomly (stuck).
  2728 | D:3      | 2728 ||| Stepping randomly (stuck).
  2729 | D:3      | 2729 ||| Stepping randomly (stuck).
  2730 | D:3      | 2730 ||| Stepping randomly (stuck).
  2731 | D:3      | 2731 ||| Stepping randomly (stuck).
  2732 | D:3      | 2732 ||| Stepping randomly (stuck).
  2733 | D:3      | 2733 ||| Stepping randomly (stuck).
  2734 | D:3      | 2734 ||| Stepping randomly (stuck).
  2735 | D:3      | 2735 ||| Stepping randomly (stuck).
  2736 | D:3      | 2736 ||| Stepping randomly (stuck).
  2737 | D:3      | 2737 ||| Stepping randomly (stuck).
  2738 | D:3      | 2738 ||| Stepping randomly (stuck).
  2739 | D:3      | 2739 ||| Stepping randomly (stuck).
  2740 | D:3      | 2740 ||| Stepping randomly (stuck).
  2741 | D:3      | 2741 ||| Stepping randomly (stuck).
  2742 | D:3      | 2742 ||| Stepping randomly (stuck).
  2743 | D:3      | 2743 ||| Stepping randomly (stuck).
  2744 | D:3      | 2744 ||| Stepping randomly (stuck).
  2745 | D:3      | 2745 ||| Stepping randomly (stuck).
  2746 | D:3      | 2746 ||| Stepping randomly (stuck).
  2747 | D:3      | 2747 ||| Stepping randomly (stuck).
  2748 | D:3      | 2748 ||| Stepping randomly (stuck).
  2749 | D:3      | 2749 ||| Stepping randomly (stuck).
  2750 | D:3      | 2750 ||| Stepping randomly (stuck).
  2751 | D:3      | 2751 ||| Stepping randomly (stuck).
  2752 | D:3      | 2752 ||| Stepping randomly (stuck).
  2753 | D:3      | 2753 ||| Stepping randomly (stuck).
  2754 | D:3      | 2754 ||| Stepping randomly (stuck).
  2755 | D:3      | 2755 ||| Stepping randomly (stuck).
  2756 | D:3      | 2756 ||| Stepping randomly (stuck).
  2757 | D:3      | 2757 ||| Stepping randomly (stuck).
  2758 | D:3      | 2758 ||| Stepping randomly (stuck).
  2759 | D:3      | 2759 ||| Stepping randomly (stuck).
  2760 | D:3      | 2760 ||| Stepping randomly (stuck).
  2761 | D:3      | 2761 ||| Stepping randomly (stuck).
  2762 | D:3      | 2762 ||| Stepping randomly (stuck).
  2763 | D:3      | 2763 ||| Stepping randomly (stuck).
  2764 | D:3      | 2764 ||| Stepping randomly (stuck).
  2765 | D:3      | 2765 ||| Stepping randomly (stuck).
  2766 | D:3      | 2766 ||| Stepping randomly (stuck).
  2767 | D:3      | 2767 ||| Stepping randomly (stuck).
  2768 | D:3      | 2768 ||| Stepping randomly (stuck).
  2769 | D:3      | 2769 ||| Stepping randomly (stuck).
  2770 | D:3      | 2770 ||| Stepping randomly (stuck).
  2771 | D:3      | 2771 ||| Stepping randomly (stuck).
  2772 | D:3      | 2772 ||| Stepping randomly (stuck).
  2773 | D:3      | 2773 ||| Stepping randomly (stuck).
  2774 | D:3      | 2774 ||| Stepping randomly (stuck).
  2775 | D:3      | 2775 ||| Stepping randomly (stuck).
  2776 | D:3      | 2776 ||| Stepping randomly (stuck).
  2777 | D:3      | 2777 ||| Stepping randomly (stuck).
  2778 | D:3      | 2778 ||| Stepping randomly (stuck).
  2779 | D:3      | 2779 ||| Stepping randomly (stuck).
  2780 | D:3      | 2780 ||| Stepping randomly (stuck).
  2781 | D:3      | 2781 ||| Stepping randomly (stuck).
  2782 | D:3      | 2782 ||| Stepping randomly (stuck).
  2783 | D:3      | 2783 ||| Stepping randomly (stuck).
  2784 | D:3      | 2784 ||| Stepping randomly (stuck).
  2785 | D:3      | 2785 ||| Stepping randomly (stuck).
  2786 | D:3      | 2786 ||| Stepping randomly (stuck).
  2787 | D:3      | 2787 ||| Stepping randomly (stuck).
  2788 | D:3      | 2788 ||| Stepping randomly (stuck).
  2789 | D:3      | 2789 ||| Stepping randomly (stuck).
  2790 | D:3      | 2790 ||| Stepping randomly (stuck).
  2791 | D:3      | 2791 ||| Stepping randomly (stuck).
  2792 | D:3      | 2792 ||| Stepping randomly (stuck).
  2793 | D:3      | 2793 ||| Stepping randomly (stuck).
  2794 | D:3      | 2794 ||| Stepping randomly (stuck).
  2795 | D:3      | 2795 ||| Stepping randomly (stuck).
  2796 | D:3      | 2796 ||| Stepping randomly (stuck).
  2797 | D:3      | 2797 ||| Stepping randomly (stuck).
  2798 | D:3      | 2798 ||| Stepping randomly (stuck).
  2799 | D:3      | 2799 ||| Stepping randomly (stuck).
  2800 | D:3      | 2800 ||| Stepping randomly (stuck).
  2801 | D:3      | 2801 ||| Stepping randomly (stuck).
  2802 | D:3      | 2802 ||| Stepping randomly (stuck).
  2803 | D:3      | 2803 ||| Stepping randomly (stuck).
  2804 | D:3      | 2804 ||| Stepping randomly (stuck).
  2805 | D:3      | 2805 ||| Stepping randomly (stuck).
  2806 | D:3      | 2806 ||| Stepping randomly (stuck).
  2807 | D:3      | 2807 ||| Stepping randomly (stuck).
  2808 | D:3      | 2808 ||| Stepping randomly (stuck).
  2809 | D:3      | 2809 ||| Stepping randomly (stuck).
  2810 | D:3      | 2810 ||| Stepping randomly (stuck).
  2811 | D:3      | 2811 ||| Stepping randomly (stuck).
  2812 | D:3      | 2812 ||| Stepping randomly (stuck).
  2813 | D:3      | 2813 ||| Stepping randomly (stuck).
  2814 | D:3      | 2814 ||| Stepping randomly (stuck).
  2815 | D:3      | 2815 ||| Stepping randomly (stuck).
  2816 | D:3      | 2816 ||| Stepping randomly (stuck).
  2817 | D:3      | 2817 ||| Stepping randomly (stuck).
  2818 | D:3      | 2818 ||| Stepping randomly (stuck).
  2819 | D:3      | 2819 ||| Stepping randomly (stuck).
  2820 | D:3      | 2820 ||| Stepping randomly (stuck).
  2821 | D:3      | 2821 ||| Stepping randomly (stuck).
  2822 | D:3      | 2822 ||| Stepping randomly (stuck).
  2823 | D:3      | 2823 ||| Stepping randomly (stuck).
  2824 | D:3      | 2824 ||| Stepping randomly (stuck).
  2825 | D:3      | 2825 ||| Stepping randomly (stuck).
  2826 | D:3      | 2826 ||| Stepping randomly (stuck).
  2827 | D:3      | 2827 ||| Stepping randomly (stuck).
  2828 | D:3      | 2828 ||| Stepping randomly (stuck).
  2829 | D:3      | 2829 ||| Stepping randomly (stuck).
  2830 | D:3      | 2830 ||| Stepping randomly (stuck).
  2831 | D:3      | 2831 ||| Stepping randomly (stuck).
  2832 | D:3      | 2832 ||| Stepping randomly (stuck).
  2833 | D:3      | 2833 ||| Stepping randomly (stuck).
  2834 | D:3      | 2834 ||| Stepping randomly (stuck).
  2835 | D:3      | 2835 ||| Stepping randomly (stuck).
  2836 | D:3      | 2836 ||| Stepping randomly (stuck).
  2837 | D:3      | 2837 ||| Stepping randomly (stuck).
  2838 | D:3      | 2838 ||| Stepping randomly (stuck).
  2839 | D:3      | 2839 ||| Stepping randomly (stuck).
  2840 | D:3      | 2840 ||| Stepping randomly (stuck).
  2841 | D:3      | 2841 ||| Stepping randomly (stuck).
  2842 | D:3      | 2842 ||| Stepping randomly (stuck).
  2843 | D:3      | 2843 ||| Stepping randomly (stuck).
  2844 | D:3      | 2844 ||| Stepping randomly (stuck).
  2845 | D:3      | 2845 ||| Stepping randomly (stuck).
  2846 | D:3      | 2846 ||| Stepping randomly (stuck).
  2847 | D:3      | 2847 ||| Stepping randomly (stuck).
  2848 | D:3      | 2848 ||| Stepping randomly (stuck).
  2849 | D:3      | 2849 ||| Stepping randomly (stuck).
  2850 | D:3      | 2850 ||| Stepping randomly (stuck).
  2851 | D:3      | 2851 ||| Stepping randomly (stuck).
  2852 | D:3      | 2852 ||| Stepping randomly (stuck).
  2853 | D:3      | 2853 ||| Stepping randomly (stuck).
  2854 | D:3      | 2854 ||| Stepping randomly (stuck).
  2855 | D:3      | 2855 ||| Stepping randomly (stuck).
  2856 | D:3      | 2856 ||| Stepping randomly (stuck).
  2857 | D:3      | 2857 ||| Stepping randomly (stuck).
  2858 | D:3      | 2858 ||| Stepping randomly (stuck).
  2859 | D:3      | 2859 ||| Stepping randomly (stuck).
  2860 | D:3      | 2860 ||| Stepping randomly (stuck).
  2861 | D:3      | 2861 ||| Stepping randomly (stuck).
  2862 | D:3      | 2862 ||| Stepping randomly (stuck).
  2863 | D:3      | 2863 ||| Stepping randomly (stuck).
  2864 | D:3      | 2864 ||| Stepping randomly (stuck).
  2865 | D:3      | 2865 ||| Stepping randomly (stuck).
  2866 | D:3      | 2866 ||| Stepping randomly (stuck).
  2867 | D:3      | 2867 ||| Stepping randomly (stuck).
  2868 | D:3      | 2868 ||| Stepping randomly (stuck).
  2869 | D:3      | 2869 ||| Stepping randomly (stuck).
  2870 | D:3      | 2870 ||| Stepping randomly (stuck).
  2871 | D:3      | 2871 ||| Stepping randomly (stuck).
  2872 | D:3      | 2872 ||| Stepping randomly (stuck).
  2873 | D:3      | 2873 ||| Stepping randomly (stuck).
  2874 | D:3      | 2874 ||| Stepping randomly (stuck).
  2875 | D:3      | 2875 ||| Stepping randomly (stuck).
  2876 | D:3      | 2876 ||| Stepping randomly (stuck).
  2877 | D:3      | 2877 ||| Stepping randomly (stuck).
  2878 | D:3      | 2878 ||| Stepping randomly (stuck).
  2879 | D:3      | 2879 ||| Stepping randomly (stuck).
  2880 | D:3      | 2880 ||| Stepping randomly (stuck).
  2881 | D:3      | 2881 ||| Stepping randomly (stuck).
  2882 | D:3      | 2882 ||| Stepping randomly (stuck).
  2883 | D:3      | 2883 ||| Stepping randomly (stuck).
  2884 | D:3      | 2884 ||| Stepping randomly (stuck).
  2885 | D:3      | 2885 ||| Stepping randomly (stuck).
  2886 | D:3      | 2886 ||| Stepping randomly (stuck).
  2887 | D:3      | 2887 ||| Stepping randomly (stuck).
  2888 | D:3      | 2888 ||| Stepping randomly (stuck).
  2889 | D:3      | 2889 ||| Stepping randomly (stuck).
  2890 | D:3      | 2890 ||| Stepping randomly (stuck).
  2891 | D:3      | 2891 ||| Stepping randomly (stuck).
  2892 | D:3      | 2892 ||| Stepping randomly (stuck).
  2893 | D:3      | 2893 ||| Stepping randomly (stuck).
  2894 | D:3      | 2894 ||| Stepping randomly (stuck).
  2895 | D:3      | 2895 ||| Stepping randomly (stuck).
  2896 | D:3      | 2896 ||| Stepping randomly (stuck).
  2897 | D:3      | 2897 ||| Stepping randomly (stuck).
  2898 | D:3      | 2898 ||| Stepping randomly (stuck).
  2899 | D:3      | 2899 ||| Stepping randomly (stuck).
  2900 | D:3      | 2900 ||| Stepping randomly (stuck).
  2901 | D:3      | 2901 ||| Stepping randomly (stuck).
  2902 | D:3      | 2902 ||| Stepping randomly (stuck).
  2903 | D:3      | 2903 ||| Stepping randomly (stuck).
  2904 | D:3      | 2904 ||| Stepping randomly (stuck).
  2905 | D:3      | 2905 ||| Stepping randomly (stuck).
  2906 | D:3      | 2906 ||| Stepping randomly (stuck).
  2907 | D:3      | 2907 ||| Stepping randomly (stuck).
  2908 | D:3      | 2908 ||| Stepping randomly (stuck).
  2909 | D:3      | 2909 ||| Stepping randomly (stuck).
  2910 | D:3      | 2910 ||| Stepping randomly (stuck).
  2911 | D:3      | 2911 ||| Stepping randomly (stuck).
  2912 | D:3      | 2912 ||| Stepping randomly (stuck).
  2913 | D:3      | 2913 ||| Stepping randomly (stuck).
  2914 | D:3      | 2914 ||| Stepping randomly (stuck).
  2915 | D:3      | 2915 ||| Stepping randomly (stuck).
  2916 | D:3      | 2916 ||| Stepping randomly (stuck).
  2917 | D:3      | 2917 ||| Stepping randomly (stuck).
  2918 | D:3      | 2918 ||| Stepping randomly (stuck).
  2919 | D:3      | 2919 ||| Stepping randomly (stuck).
  2920 | D:3      | 2920 ||| Stepping randomly (stuck).
  2921 | D:3      | 2921 ||| Stepping randomly (stuck).
  2922 | D:3      | 2922 ||| Stepping randomly (stuck).
  2923 | D:3      | 2923 ||| Stepping randomly (stuck).
  2924 | D:3      | 2924 ||| Stepping randomly (stuck).
  2925 | D:3      | 2925 ||| Stepping randomly (stuck).
  2926 | D:3      | 2926 ||| Stepping randomly (stuck).
  2927 | D:3      | 2927 ||| Stepping randomly (stuck).
  2928 | D:3      | 2928 ||| Stepping randomly (stuck).
  2929 | D:3      | 2929 ||| Stepping randomly (stuck).
  2930 | D:3      | 2930 ||| Stepping randomly (stuck).
  2931 | D:3      | 2931 ||| Stepping randomly (stuck).
  2932 | D:3      | 2932 ||| Stepping randomly (stuck).
  2933 | D:3      | 2933 ||| Stepping randomly (stuck).
  2934 | D:3      | 2934 ||| Stepping randomly (stuck).
  2935 | D:3      | 2935 ||| Stepping randomly (stuck).
  2936 | D:3      | 2936 ||| Stepping randomly (stuck).
  2937 | D:3      | 2937 ||| Stepping randomly (stuck).
  2938 | D:3      | 2938 ||| Stepping randomly (stuck).
  2939 | D:3      | 2939 ||| Stepping randomly (stuck).
  2940 | D:3      | 2940 ||| Stepping randomly (stuck).
  2941 | D:3      | 2941 ||| Stepping randomly (stuck).
  2942 | D:3      | 2942 ||| Stepping randomly (stuck).
  2943 | D:3      | 2943 ||| Stepping randomly (stuck).
  2944 | D:3      | 2944 ||| Stepping randomly (stuck).
  2945 | D:3      | 2945 ||| Stepping randomly (stuck).
  2946 | D:3      | 2946 ||| Stepping randomly (stuck).
  2947 | D:3      | 2947 ||| Stepping randomly (stuck).
  2948 | D:3      | 2948 ||| Stepping randomly (stuck).
  2949 | D:3      | 2949 ||| Stepping randomly (stuck).
  2950 | D:3      | 2950 ||| Stepping randomly (stuck).
  2951 | D:3      | 2951 ||| Stepping randomly (stuck).
  2952 | D:3      | 2952 ||| Stepping randomly (stuck).
  2953 | D:3      | 2953 ||| Stepping randomly (stuck).
  2954 | D:3      | 2954 ||| Stepping randomly (stuck).
  2955 | D:3      | 2955 ||| Stepping randomly (stuck).
  2956 | D:3      | 2956 ||| Stepping randomly (stuck).
  2957 | D:3      | 2957 ||| Stepping randomly (stuck).
  2958 | D:3      | 2958 ||| Stepping randomly (stuck).
  2959 | D:3      | 2959 ||| Stepping randomly (stuck).
  2960 | D:3      | 2960 ||| Stepping randomly (stuck).
  2961 | D:3      | 2961 ||| Stepping randomly (stuck).
  2962 | D:3      | 2962 ||| Stepping randomly (stuck).
  2963 | D:3      | 2963 ||| Stepping randomly (stuck).
  2964 | D:3      | 2964 ||| Stepping randomly (stuck).
  2965 | D:3      | 2965 ||| Stepping randomly (stuck).
  2966 | D:3      | 2966 ||| Stepping randomly (stuck).
  2967 | D:3      | 2967 ||| Stepping randomly (stuck).
  2968 | D:3      | 2968 ||| Stepping randomly (stuck).
  2969 | D:3      | 2969 ||| Stepping randomly (stuck).
  2970 | D:3      | 2970 ||| Stepping randomly (stuck).
  2971 | D:3      | 2971 ||| Stepping randomly (stuck).
  2972 | D:3      | 2972 ||| Stepping randomly (stuck).
  2973 | D:3      | 2973 ||| Stepping randomly (stuck).
  2974 | D:3      | 2974 ||| Stepping randomly (stuck).
  2975 | D:3      | 2975 ||| Stepping randomly (stuck).
  2976 | D:3      | 2976 ||| Stepping randomly (stuck).
  2977 | D:3      | 2977 ||| Stepping randomly (stuck).
  2978 | D:3      | 2978 ||| Stepping randomly (stuck).
  2979 | D:3      | 2979 ||| Stepping randomly (stuck).
  2980 | D:3      | 2980 ||| Stepping randomly (stuck).
  2981 | D:3      | 2981 ||| Stepping randomly (stuck).
  2982 | D:3      | 2982 ||| Stepping randomly (stuck).
  2983 | D:3      | 2983 ||| Stepping randomly (stuck).
  2984 | D:3      | 2984 ||| Stepping randomly (stuck).
  2985 | D:3      | 2985 ||| Stepping randomly (stuck).
  2986 | D:3      | 2986 ||| Stepping randomly (stuck).
  2987 | D:3      | 2987 ||| Stepping randomly (stuck).
  2988 | D:3      | 2988 ||| Stepping randomly (stuck).
  2989 | D:3      | 2989 ||| Stepping randomly (stuck).
  2990 | D:3      | 2990 ||| Stepping randomly (stuck).
  2991 | D:3      | 2991 ||| Stepping randomly (stuck).
  2992 | D:3      | 2992 ||| Stepping randomly (stuck).
  2993 | D:3      | 2993 ||| Stepping randomly (stuck).
  2994 | D:3      | 2994 ||| Stepping randomly (stuck).
  2995 | D:3      | 2995 ||| Stepping randomly (stuck).
  2996 | D:3      | 2996 ||| Stepping randomly (stuck).
  2997 | D:3      | 2997 ||| Stepping randomly (stuck).
  2998 | D:3      | 2998 ||| Stepping randomly (stuck).
  2999 | D:3      | 2999 ||| Stepping randomly (stuck).
  3000 | D:3      | 3000 ||| Stepping randomly (stuck).
  3001 | D:3      | 3001 ||| Stepping randomly (stuck).
  3002 | D:3      | 3002 ||| Stepping randomly (stuck).
  3003 | D:3      | 3003 ||| Stepping randomly (stuck).
  3004 | D:3      | 3004 ||| Stepping randomly (stuck).
  3005 | D:3      | 3005 ||| Stepping randomly (stuck).
  3006 | D:3      | 3006 ||| Stepping randomly (stuck).
  3007 | D:3      | 3007 ||| Stepping randomly (stuck).
  3008 | D:3      | 3008 ||| Stepping randomly (stuck).
  3009 | D:3      | 3009 ||| Stepping randomly (stuck).
  3010 | D:3      | 3010 ||| Stepping randomly (stuck).
  3011 | D:3      | 3011 ||| Stepping randomly (stuck).
  3012 | D:3      | 3012 ||| Stepping randomly (stuck).
  3013 | D:3      | 3013 ||| Stepping randomly (stuck).
  3014 | D:3      | 3014 ||| Stepping randomly (stuck).
  3015 | D:3      | 3015 ||| Stepping randomly (stuck).
  3016 | D:3      | 3016 ||| Stepping randomly (stuck).
  3017 | D:3      | 3017 ||| Stepping randomly (stuck).
  3018 | D:3      | 3018 ||| Stepping randomly (stuck).
  3019 | D:3      | 3019 ||| Stepping randomly (stuck).
  3020 | D:3      | 3020 ||| Stepping randomly (stuck).
  3021 | D:3      | 3021 ||| Stepping randomly (stuck).
  3022 | D:3      | 3022 ||| Stepping randomly (stuck).
  3023 | D:3      | 3023 ||| Stepping randomly (stuck).
  3024 | D:3      | 3024 ||| Stepping randomly (stuck).
  3025 | D:3      | 3025 ||| Stepping randomly (stuck).
  3026 | D:3      | 3026 ||| Stepping randomly (stuck).
  3027 | D:3      | 3027 ||| Stepping randomly (stuck).
  3028 | D:3      | 3028 ||| Stepping randomly (stuck).
  3029 | D:3      | 3029 ||| Stepping randomly (stuck).
  3030 | D:3      | 3030 ||| Stepping randomly (stuck).
  3031 | D:3      | 3031 ||| Stepping randomly (stuck).
  3032 | D:3      | 3032 ||| Stepping randomly (stuck).
  3033 | D:3      | 3033 ||| Stepping randomly (stuck).
  3034 | D:3      | 3034 ||| Stepping randomly (stuck).
  3035 | D:3      | 3035 ||| Stepping randomly (stuck).
  3036 | D:3      | 3036 ||| Stepping randomly (stuck).
  3037 | D:3      | 3037 ||| Stepping randomly (stuck).
  3038 | D:3      | 3038 ||| Stepping randomly (stuck).
  3039 | D:3      | 3039 ||| Stepping randomly (stuck).
  3040 | D:3      | 3040 ||| Stepping randomly (stuck).
  3041 | D:3      | 3041 ||| Stepping randomly (stuck).
  3042 | D:3      | 3042 ||| Stepping randomly (stuck).
  3043 | D:3      | 3043 ||| Stepping randomly (stuck).
  3044 | D:3      | 3044 ||| Stepping randomly (stuck).
  3045 | D:3      | 3045 ||| Stepping randomly (stuck).
  3046 | D:3      | 3046 ||| Stepping randomly (stuck).
  3047 | D:3      | 3047 ||| Stepping randomly (stuck).
  3048 | D:3      | 3048 ||| Stepping randomly (stuck).
  3049 | D:3      | 3049 ||| Stepping randomly (stuck).
  3050 | D:3      | 3050 ||| Stepping randomly (stuck).
  3051 | D:3      | 3051 ||| Stepping randomly (stuck).
  3052 | D:3      | 3052 ||| Stepping randomly (stuck).
  3053 | D:3      | 3053 ||| Stepping randomly (stuck).
  3054 | D:3      | 3054 ||| Stepping randomly (stuck).
  3055 | D:3      | 3055 ||| Stepping randomly (stuck).
  3056 | D:3      | 3056 ||| Stepping randomly (stuck).
  3057 | D:3      | 3057 ||| Stepping randomly (stuck).
  3058 | D:3      | 3058 ||| Stepping randomly (stuck).
  3059 | D:3      | 3059 ||| Stepping randomly (stuck).
  3060 | D:3      | 3060 ||| Stepping randomly (stuck).
  3061 | D:3      | 3061 ||| Stepping randomly (stuck).
  3062 | D:3      | 3062 ||| Stepping randomly (stuck).
  3063 | D:3      | 3063 ||| Stepping randomly (stuck).
  3064 | D:3      | 3064 ||| Stepping randomly (stuck).
  3065 | D:3      | 3065 ||| Stepping randomly (stuck).
  3066 | D:3      | 3066 ||| Stepping randomly (stuck).
  3067 | D:3      | 3067 ||| Stepping randomly (stuck).
  3068 | D:3      | 3068 ||| Stepping randomly (stuck).
  3069 | D:3      | 3069 ||| Stepping randomly (stuck).
  3070 | D:3      | 3070 ||| Stepping randomly (stuck).
  3071 | D:3      | 3071 ||| Stepping randomly (stuck).
  3072 | D:3      | 3072 ||| Stepping randomly (stuck).
  3073 | D:3      | 3073 ||| Stepping randomly (stuck).
  3074 | D:3      | 3074 ||| Stepping randomly (stuck).
  3075 | D:3      | 3075 ||| Stepping randomly (stuck).
  3076 | D:3      | 3076 ||| Stepping randomly (stuck).
  3077 | D:3      | 3077 ||| Stepping randomly (stuck).
  3078 | D:3      | 3078 ||| Stepping randomly (stuck).
  3079 | D:3      | 3079 ||| Stepping randomly (stuck).
  3080 | D:3      | 3080 ||| Stepping randomly (stuck).
  3081 | D:3      | 3081 ||| Stepping randomly (stuck).
  3082 | D:3      | 3082 ||| Stepping randomly (stuck).
  3083 | D:3      | 3083 ||| Stepping randomly (stuck).
  3084 | D:3      | 3084 ||| Stepping randomly (stuck).
  3085 | D:3      | 3085 ||| Stepping randomly (stuck).
  3086 | D:3      | 3086 ||| Stepping randomly (stuck).
  3087 | D:3      | 3087 ||| Stepping randomly (stuck).
  3088 | D:3      | 3088 ||| Stepping randomly (stuck).
  3089 | D:3      | 3089 ||| Stepping randomly (stuck).
  3090 | D:3      | 3090 ||| Stepping randomly (stuck).
  3091 | D:3      | 3091 ||| Stepping randomly (stuck).
  3092 | D:3      | 3092 ||| Stepping randomly (stuck).
  3093 | D:3      | 3093 ||| Stepping randomly (stuck).
  3094 | D:3      | 3094 ||| Stepping randomly (stuck).
  3095 | D:3      | 3095 ||| Stepping randomly (stuck).
  3096 | D:3      | 3096 ||| Stepping randomly (stuck).
  3097 | D:3      | 3097 ||| Stepping randomly (stuck).
  3098 | D:3      | 3098 ||| Stepping randomly (stuck).
  3099 | D:3      | 3099 ||| Stepping randomly (stuck).
  3100 | D:3      | 3100 ||| Stepping randomly (stuck).
  3101 | D:3      | 3101 ||| Stepping randomly (stuck).
  3102 | D:3      | 3102 ||| Stepping randomly (stuck).
  3103 | D:3      | 3103 ||| Stepping randomly (stuck).
  3104 | D:3      | 3104 ||| Stepping randomly (stuck).
  3105 | D:3      | 3105 ||| Stepping randomly (stuck).
  3106 | D:3      | 3106 ||| Stepping randomly (stuck).
  3107 | D:3      | 3107 ||| Stepping randomly (stuck).
  3108 | D:3      | 3108 ||| Stepping randomly (stuck).
  3109 | D:3      | 3109 ||| Stepping randomly (stuck).
  3110 | D:3      | 3110 ||| Stepping randomly (stuck).
  3111 | D:3      | 3111 ||| Stepping randomly (stuck).
  3112 | D:3      | 3112 ||| Stepping randomly (stuck).
  3113 | D:3      | 3113 ||| Stepping randomly (stuck).
  3114 | D:3      | 3114 ||| Stepping randomly (stuck).
  3115 | D:3      | 3115 ||| Stepping randomly (stuck).
  3116 | D:3      | 3116 ||| Stepping randomly (stuck).
  3117 | D:3      | 3117 ||| Stepping randomly (stuck).
  3118 | D:3      | 3118 ||| Stepping randomly (stuck).
  3119 | D:3      | 3119 ||| Stepping randomly (stuck).
  3120 | D:3      | 3120 ||| Stepping randomly (stuck).
  3121 | D:3      | 3121 ||| Stepping randomly (stuck).
  3122 | D:3      | 3122 ||| Stepping randomly (stuck).
  3123 | D:3      | 3123 ||| Stepping randomly (stuck).
  3124 | D:3      | 3124 ||| Stepping randomly (stuck).
  3125 | D:3      | 3125 ||| Stepping randomly (stuck).
  3126 | D:3      | 3126 ||| Stepping randomly (stuck).
  3127 | D:3      | 3127 ||| Stepping randomly (stuck).
  3128 | D:3      | 3128 ||| Stepping randomly (stuck).
  3129 | D:3      | 3129 ||| Stepping randomly (stuck).
  3130 | D:3      | 3130 ||| Stepping randomly (stuck).
  3131 | D:3      | 3131 ||| Stepping randomly (stuck).
  3132 | D:3      | 3132 ||| Stepping randomly (stuck).
  3133 | D:3      | 3133 ||| Stepping randomly (stuck).
  3134 | D:3      | 3134 ||| Stepping randomly (stuck).
  3135 | D:3      | 3135 ||| Stepping randomly (stuck).
  3136 | D:3      | 3136 ||| Stepping randomly (stuck).
  3137 | D:3      | 3137 ||| Stepping randomly (stuck).
  3138 | D:3      | 3138 ||| Stepping randomly (stuck).
  3139 | D:3      | 3139 ||| Stepping randomly (stuck).
  3140 | D:3      | 3140 ||| Stepping randomly (stuck).
  3141 | D:3      | 3141 ||| Stepping randomly (stuck).
  3142 | D:3      | 3142 ||| Stepping randomly (stuck).
  3143 | D:3      | 3143 ||| Stepping randomly (stuck).
  3144 | D:3      | 3144 ||| Stepping randomly (stuck).
  3145 | D:3      | 3145 ||| Stepping randomly (stuck).
  3146 | D:3      | 3146 ||| Stepping randomly (stuck).
  3147 | D:3      | 3147 ||| Stepping randomly (stuck).
  3148 | D:3      | 3148 ||| Stepping randomly (stuck).
  3149 | D:3      | 3149 ||| Stepping randomly (stuck).
  3150 | D:3      | 3150 ||| Stepping randomly (stuck).
  3151 | D:3      | 3151 ||| Stepping randomly (stuck).
  3152 | D:3      | 3152 ||| Stepping randomly (stuck).
  3153 | D:3      | 3153 ||| Stepping randomly (stuck).
  3154 | D:3      | 3154 ||| Stepping randomly (stuck).
  3155 | D:3      | 3155 ||| Stepping randomly (stuck).
  3156 | D:3      | 3156 ||| Stepping randomly (stuck).
  3157 | D:3      | 3157 ||| Stepping randomly (stuck).
  3158 | D:3      | 3158 ||| Stepping randomly (stuck).
  3159 | D:3      | 3159 ||| Stepping randomly (stuck).
  3160 | D:3      | 3160 ||| Stepping randomly (stuck).
  3161 | D:3      | 3161 ||| Stepping randomly (stuck).
  3162 | D:3      | 3162 ||| Stepping randomly (stuck).
  3163 | D:3      | 3163 ||| Stepping randomly (stuck).
  3164 | D:3      | 3164 ||| Stepping randomly (stuck).
  3165 | D:3      | 3165 ||| Stepping randomly (stuck).
  3166 | D:3      | 3166 ||| Stepping randomly (stuck).
  3167 | D:3      | 3167 ||| Stepping randomly (stuck).
  3168 | D:3      | 3168 ||| Stepping randomly (stuck).
  3169 | D:3      | 3169 ||| Stepping randomly (stuck).
  3170 | D:3      | 3170 ||| Stepping randomly (stuck).
  3171 | D:3      | 3171 ||| Stepping randomly (stuck).
  3172 | D:3      | 3172 ||| Stepping randomly (stuck).
  3173 | D:3      | 3173 ||| Stepping randomly (stuck).
  3174 | D:3      | 3174 ||| Stepping randomly (stuck).
  3175 | D:3      | 3175 ||| Stepping randomly (stuck).
  3176 | D:3      | 3176 ||| Stepping randomly (stuck).
  3177 | D:3      | 3177 ||| Stepping randomly (stuck).
  3178 | D:3      | 3178 ||| Stepping randomly (stuck).
  3179 | D:3      | 3179 ||| Stepping randomly (stuck).
  3180 | D:3      | 3180 ||| Stepping randomly (stuck).
  3181 | D:3      | 3181 ||| Stepping randomly (stuck).
  3182 | D:3      | 3182 ||| Stepping randomly (stuck).
  3183 | D:3      | 3183 ||| Stepping randomly (stuck).
  3184 | D:3      | 3184 ||| Stepping randomly (stuck).
  3185 | D:3      | 3185 ||| Stepping randomly (stuck).
  3186 | D:3      | 3186 ||| Stepping randomly (stuck).
  3187 | D:3      | 3187 ||| Stepping randomly (stuck).
  3188 | D:3      | 3188 ||| Stepping randomly (stuck).
  3189 | D:3      | 3189 ||| Stepping randomly (stuck).
  3190 | D:3      | 3190 ||| Stepping randomly (stuck).
  3191 | D:3      | 3191 ||| Stepping randomly (stuck).
  3192 | D:3      | 3192 ||| Stepping randomly (stuck).
  3193 | D:3      | 3193 ||| Stepping randomly (stuck).
  3194 | D:3      | 3194 ||| Stepping randomly (stuck).
  3195 | D:3      | 3195 ||| Stepping randomly (stuck).
  3196 | D:3      | 3196 ||| Stepping randomly (stuck).
  3197 | D:3      | 3197 ||| Stepping randomly (stuck).
  3198 | D:3      | 3198 ||| Stepping randomly (stuck).
  3199 | D:3      | 3199 ||| Stepping randomly (stuck).
  3200 | D:3      | 3200 ||| Stepping randomly (stuck).
  3201 | D:3      | 3201 ||| Stepping randomly (stuck).
  3202 | D:3      | 3202 ||| Stepping randomly (stuck).
  3203 | D:3      | Quit the game

Levels and vault maps discovered:
D:1:      spicycebolla_arrival_ecumenical, layout_basic, st_stairs_2
D:2:      layout_loops_ring
D:3:      layout_basic, mainiacjoe_overflow_catwalk,
          mainiacjoe_overflow_catwalk_spiral, serial_shops,
          nicolae_shop_overgrown_old_shop, nicolae_shop_hallway_plus

Skill      XL: |  1  2  3  4 |
---------------+-------------+-----
Axes           | 2 3 4 |  4.7
Fighting       | |  3.2
Armour         | |  3.2
Shields        | |  3.2

Action                   |  1- 3 |  4- 6 || total
-------------------------+-------+-------++-------
Melee: War axe           |    98 |    44 ||   142
  Use: Scroll            |     6 |     2 ||     8
       Potion            |     2 |       ||     2
Armor: Scale mail        |    52 |    30 ||    82
       Chain mail        |       |     2 ||     2
Dodge: Dodged            |    58 |    22 ||    80
Block: Buckler           |    17 |    11 ||    28

Table legend:
 A = Non-vault XP
 B = Vault XP
 C = Vault XP percentage of total XP
 D = Non-vault monster count
 E = Vault monster count
 F = Vault count percentage of total count
                 A         B        C        D         E       F
            +---------+---------+-------+---------+---------+-------
      Total |     179 |       5 |   2.7 |      47 |       4 |   7.8
            +---------+---------+-------+---------+---------+-------
        D:1 |      28 |       5 |  15.2 |      14 |       4 |  22.2
        D:2 |      81 |       0 |   0.0 |      24 |       0 |   0.0
        D:3 |      70 |       0 |   0.0 |       9 |       0 |   0.0
            +---------+---------+-------+---------+---------+-------
